 Dungeon Crawl Stone Soup version 0.26.1-11-gd32895ea62 (webtiles) character file.

Game seed: 13002924680538358983

723 Urokeeper the Chopper (level 7, -4/64 HPs)
             Began as a Deep Dwarf Fighter on July 21, 2021.
             Splashed by a jelly's acid (8 damage)
             ... on level 5 of the Dungeon.
             The game lasted 00:47:38 (2581 turns).

Urokeeper the Chopper (Deep Dwarf Fighter)          Turns: 2581, Time: 00:47:42

Health: -4/64      AC: -18   Str: 21    XL:     7   Next: 43%
Magic:  2/2        EV:  6    Int:  9    God:
Gold:   204        SH: 10    Dex: 12    Spells: 6/6 levels left

rFire    . . .     SeeInvis .   a - +0 war axe
rCold    . . .     Faith    .   c - +0 kite shield
rNeg     . . .     Spirit   .   x - +0 chain mail
rPois    .         Reflect  .   (no helmet)
rElec    .         Harm     .   (no cloak)
rCorr    .         Rampage  .   (no gloves)
Will     +....     Rnd*Tele +   (no boots)
Stlth    ..........             (no amulet)
HPRegen  0.00/turn              e - ring of teleportation (curse)
MPRegen  0.08/turn              i - ring of flight

@: corroded, non-regenerating
A: damage resistance, heal wounds, sense surroundings 1, no regeneration
a: Heal Wounds, Evoke Flight


You were on level 5 of the Dungeon.
You visited 1 branch of the dungeon, and saw 5 of its levels.

You collected 204 gold pieces.

Inventory:

Hand Weapons
 a - a +0 war axe (weapon)
 d - a +0 rapier
 n - a +0 club
 o - a +0 mace
 u - a +0 club
 B - a +0 falchion
 H - a +0 whip of draining
 I - a +0 giant club
Missiles
 f - 5 atropa-tipped darts
 t - 49 arrows
 C - 5 curare-tipped darts
 J - a throwing net
Armour
 b - a +0 scale mail
 c - a +0 kite shield (worn)
 r - a +0 tower shield
 w - a +0 ring mail
 x - a +0 chain mail (worn)
 E - a +0 ring mail
 G - a +2 leather armour of fire resistance
Jewellery
 e - a cursed ring of teleportation (left hand)
 i - a ring of flight (right hand)
 k - an uncursed ring of ice
 s - an uncursed ring of fire {unknown}
 v - a +4 ring of evasion {unknown}
 y - an uncursed ring of resist corrosion {unknown}
Wands
 F - a wand of digging (4)
Scrolls
 g - 2 scrolls of remove curse {unknown}
 z - 4 scrolls of teleportation {unknown}
 A - 3 scrolls of amnesia {unknown}
 D - 2 scrolls of blinking {unknown}
Potions
 h - a potion of curing {unknown}
 j - a potion of berserk rage {unknown}
 l - a potion of flight {unknown}
 m - 2 potions of attraction {unknown}
 p - a potion of lignification {unknown}
 q - 4 potions of heal wounds {unknown}


   Skills:
 + Level 4.1 Fighting
 + Level 6.3 Axes
 + Level 4.5 Armour
 + Level 1.8 Dodging
 + Level 0.2 Stealth
 + Level 5.1 Shields
 + Level 0.2 Evocations


You had 6 spell levels left.
You didn't know any spells.
Your spell library contained the following spells:

 Spells                   Type           Power        Failure   Level
 Freeze                   Ice            0%           100%        1


Dungeon Overview and Level Annotations

Branches:
Dungeon (5/15)
 Temple: D:4-7

Altars:
Sif Muna
Uskayaw
Yredelemnul

Shops:
D:5 =


Innate Abilities, Weirdness & Mutations

You are resistant to damage.
You can heal yourself by infusing magical energy.
You passively map a small area around you.
You do not regenerate.


Message History

The jelly is moderately wounded.
The jelly closely misses you.
The jelly jiggles.
The jelly hits you.
You are splashed with acid!
* * * LOW HITPOINT WARNING * * *
You hit the jelly.
Your hands burn!
The jelly is heavily wounded.
The jelly hits you.
You are splashed with acid.
* * * LOW HITPOINT WARNING * * *
You hit the jelly but do no damage.
Your hands burn!
* * * LOW HITPOINT WARNING * * *
The jelly is heavily wounded.
The jelly barely misses you.
You hit the jelly but do no damage.
Your hands burn!
* * * LOW HITPOINT WARNING * * *
The jelly is heavily wounded.
The jelly hits you.
* * * LOW HITPOINT WARNING * * *
The acid corrodes you!
You are splashed with acid!
You die...

....#...* #..# .
.........
....#.#.####..# *
###>..####.
......#...##..#####,
##. ##.
..>.#####..........
,.....###..
......#...###.###.#,
, .....>....
......#.##....# .# *
.#.#.####.
........##.#### .# *
*).......
...#######.#
####.#.#.#.*........
...# #.# #..@J......
........ #### #.#
#.######.#. ##.#####
#.###.# , ,..,
#.....# * , .
####### , * * * * *
, * , *


You could see a jelly.

Vanquished Creatures
  Eustachio (D:5)
  An ogre (D:5)
  A scorpion (D:4)
  An orc priest (D:3)
  A centaur skeleton (D:4)
  3 orc wizards
  An iguana (D:4)
  A worker ant (D:4)
  A hound zombie (D:5)
  7 adders
  7 gnolls
  2 white imps (D:5)
  An ooze (D:2)
  2 worms
  2 dart slugs (D:1)
  4 leopard geckos
  3 orcs (D:3)
  5 giant cockroaches
  7 goblins
  10 hobgoblins
  2 jackals (D:2)
  7 quokkas
  4 bats (D:2)
  4 frilled lizards
  5 kobolds
  A quokka skeleton (D:5)
  4 rats
88 creatures vanquished.

Vanquished Creatures (others)
  48 plants
48 creatures vanquished.

Grand Total: 136 creatures vanquished

Notes
Turn   | Place    | Note
-------+----------+-------------------------------------------
     0 | D:1      | Urokeeper the Deep Dwarf Fighter began the quest for the
                  | Orb.
     0 | D:1      | Reached XP level 1. HP: 20/20 MP: 1/1
    96 | D:1      | Reached XP level 2. HP: 24/27 MP: 2/2
   309 | D:1      | Reached XP level 3. HP: 23/34 MP: 3/3
  1012 | D:2      | Reached skill level 3 in Axes
  1012 | D:2      | Reached XP level 4. HP: 29/42 MP: 3/3
  1701 | D:3      | Found a basalt altar of Yredelemnul.
  1723 | D:3      | Found a hide-covered altar of Uskayaw.
  1741 | D:3      | HP: 1/42 [hobgoblin (2)]
  1815 | D:3      | Reached XP level 5. HP: 41/49 MP: 3/3
  1901 | D:3      | Reached skill level 4 in Axes
  1901 | D:3      | Reached skill level 1 in Dodging
  2062 | D:4      | Reached XP level 6. HP: 39/55 MP: 3/3
  2210 | D:4      | Reached skill level 5 in Axes
  2216 | D:4      | Found a shimmering blue altar of Sif Muna.
  2270 | D:4      | Identified Sif Muna's Grimoire of Cold
  2273 | D:5      | Entered Level 5 of the Dungeon
  2441 | D:5      | Noticed Eustachio
  2453 | D:5      | Reached XP level 7. HP: 47/64 MP: 4/4
  2463 | D:5      | Killed Eustachio
  2464 | D:5      | Reached skill level 6 in Axes
  2464 | D:5      | Reached skill level 5 in Shields
  2499 | D:5      | Found Pytoiq's Jewellery Emporium.
  2581 | D:5      | Splashed by a jelly's acid

Illustrated notes

Levels and vault maps discovered:
D:1:      eino_arrival_druids_welcome, layout_rooms
D:2:      layout_loops_corners, hangedman_abyss_or_decor_stabs, st_stairs_6,
          minmay_indecisive_spiral
D:3:      wad_woods_stonehenge, layout_rooms, yredelemnul_altar_generic
D:4:      layout_gridville, nicolae_overflow_hidden_temple, led_sif_book
D:5:      layout_loops_ring, serial_shops, shop, uniq_eustachio, uniq_grinder

Skill      XL: |  1  2  3  4  5  6  7 |
---------------+----------------------+-----
Fighting       | 3 4 |  4.1
Shields        | 4 5 |  5.1
Axes           | 3 4 5 6 |  6.3
Armour         | 4 |  4.5
Dodging        | 1 |  1.8
Stealth        | |  0.2
Evocations     | |  0.2

Action                   |  1- 3 |  4- 6 |  7- 9 || total
-------------------------+-------+-------+-------++-------
Melee: War axe           |   109 |   224 |    28 ||   361
Throw: Throwing net      |       |     1 |       ||     1
 Abil: Heal Wounds       |     1 |     7 |     2 ||    10
       Evoke Flight      |       |     1 |       ||     1
  Use: Potion            |       |     1 |       ||     1
Armor: Scale mail        |    43 |    80 |       ||   123
       Chain mail        |       |    10 |     4 ||    14
Dodge: Dodged            |    31 |    86 |     5 ||   122
Block: Kite shield       |    60 |   149 |    12 ||   221
